 Dungeon Crawl Stone Soup version 0.24-a0-132-ge4b1dce (webtiles) character file.

Game seed: 9339784754426203928

145 galech the Shield-Bearer (level 5, -2/41 HPs)
             Began as a Demonspawn Fighter on Feb 27, 2019.
             Was an Initiate of Okawaru.
             Killed from afar by an orc wizard (4 damage)
             ... with a magic dart
             ... on level 3 of the Dungeon.
             The game lasted 00:02:19 (2228 turns).

galech the Shield-Bearer (Demonspawn Fighter)       Turns: 2228, Time: 00:02:19

Health: -2/41      AC:  9    Str: 22    XL:     5   Next: 6%
Magic:  5/5        EV:  7    Int:  9    God:    Okawaru [......]
Gold:   127        SH:  9    Dex: 13    Spells: 4/4 levels left

rFire    . . .     SeeInvis .   a - +0 war axe
rCold    + . .     Gourm    .   c - +0 shield
rNeg     . . .     Faith    .   b - +0 scale mail
rPois    .         Spirit   .   (helmet restricted)
rElec    .         Reflect  .   l - +0 cloak
rCorr    .         Harm     +   (no gloves)
MR       .....                  e - +0 pair of boots
Stlth    ..........             o - amulet of harm
HPRegen  0.13/turn              (no ring)
MPRegen  0.09/turn              (no ring)

@: mighty
A: horns 2, cold resistance 1
a: Renounce Religion


You were on level 3 of the Dungeon.
You worshipped Okawaru.
Okawaru was noncommittal.
You were not hungry.

You visited 1 branch of the dungeon, and saw 4 of its levels.

You collected 127 gold pieces.

Inventory:

Hand Weapons
 a - a +0 war axe (weapon)
Armour
 b - a +0 scale mail (worn)
 c - a +0 shield (worn)
 e - a +0 pair of boots (worn)
 l - a +0 cloak (worn)
Jewellery
 o - an amulet of harm (around neck)
Wands
 u - a wand of polymorph (8)
Scrolls
 h - 2 scrolls of fear {unknown}
 i - 2 scrolls of amnesia {unknown}
 k - 3 scrolls of immolation {unknown}
 m - 6 scrolls of teleportation {unknown}
 n - a scroll of noise {unknown}
 p - a scroll of random uselessness {unknown}
 q - 3 scrolls of identify {unknown}
 t - 2 scrolls of remove curse {unknown}
 v - a scroll of enchant armour {unknown}
Potions
 g - a potion of haste {unknown}
 j - a potion of cancellation {unknown}
 r - a potion of brilliance {unknown}
Comestibles
 f - 4 rations
 s - 3 chunks of flesh


   Skills:
 + Level 3.2 Fighting
 + Level 3.2 Axes
 + Level 3.4 Armour
 + Level 0.3 Dodging
 + Level 0.1 Stealth
 + Level 3.6 Shields


You had 4 spell levels left.
You didn't know any spells.
Your spell library was empty.

Dungeon Overview and Level Annotations

Branches:
Dungeon (4/15)
 Temple: D:4-7

Altars:
Okawaru
Uskayaw
Wu Jian


Innate Abilities, Weirdness & Mutations

You have a pair of horns on your head.
Your flesh is cold resistant. (rC+)


Message History

* * * LOW HITPOINT WARNING * * *
The orc wizard hits you but does no damage. x2
Your shield and scale mail prevent you from hitting the orc wizard.
The orc wizard is moderately wounded.
You hit the orc wizard. The orc wizard barely misses you.
You block the orc wizard's attack.
The orc wizard hits you but does no damage.
The orc wizard hits you with a +0 dagger.
* * * LOW HITPOINT WARNING * * *
Your shield and scale mail prevent you from hitting the orc wizard.
The orc wizard is moderately wounded.
You barely miss the orc wizard. The orc wizard barely misses you.
The orc wizard points at you and mumbles some strange words.
The magic dart hits you.
* * * LOW HITPOINT WARNING * * *
The orc wizard hits you but does no damage.
You feel very mighty all of a sudden.
The orc wizard gestures at you while chanting.
The magic dart hits you.
You die...

###.##.##..######.###............
..)...................>..).......
.##...####.##########....).......
###..## #..# #.....(.....# # #..#
##.#### #.(....(.##.# # #..#
#....# ##.....#....# #
#..#########.# ##...##<.###
###........###.###### ######..#
..#.........##.o@o..## #..#
.............######..## ##..#
.............# ##..# #...#
......)......########.#####.#.##
.............#.....##.......#).#
...<.........#####.........###.#
............##⌠.⌠##.........##.#
...........##..>..##........##.#
..#.......##.......##<......##.#


You could see 2 orc wizards.

Vanquished Creatures
  Ijyb (D:3)
  5 adders
  An ooze (D:1)
  2 dart slugs
  A leopard gecko (D:3)
  4 giant cockroaches
  10 goblins
  9 hobgoblins
  2 quokkas
  7 bats
  6 frilled lizards
  9 kobolds
  6 rats
63 creatures vanquished.

Notes
Turn   | Place    | Note
-------+----------+-------------------------------------------
     0 | D:1      | galech the Demonspawn Fighter began the quest for the Orb.
     0 | D:1      | Reached XP level 1. HP: 18/18 MP: 1/1
   182 | D:1      | Gained mutation: You have a pair of small horns on your
                  | head. [demonic ancestry]
   182 | D:1      | Reached XP level 2. HP: 16/24 MP: 2/2
   720 | D:2      | Reached XP level 3. HP: 27/29 MP: 3/3
   952 | D:2      | Gained mutation: You have a pair of horns on your head.
                  | [demonic ancestry]
   952 | D:2      | Reached XP level 4. HP: 11/35 MP: 4/4
  1911 | D:3      | Found a hide-covered altar of Uskayaw.
  1911 | D:3      | Found an ornate altar of the Wu Jian Council.
  1924 | D:3      | Noticed Ijyb
  1927 | D:3      | Killed Ijyb
  1927 | D:3      | Gained mutation: Your flesh is cold resistant. (rC+)
                  | [demonic ancestry]
  1927 | D:3      | Reached XP level 5. HP: 41/41 MP: 5/5
  2059 | D:3      | Found an iron altar of Okawaru.
  2079 | D:3      | Became a worshipper of Warmaster Okawaru
  2227 | D:3      | HP: 2/41 [orc wizard/magic dart (7)]
  2228 | D:3      | Killed from afar by an orc wizard

Levels and vault maps discovered:
D:1:      dpeg_arrival_fog, layout_basic
D:2:      layout_rooms
D:3:      layout_rooms, gammafunk_temple_overflow_elements, grunt_ministairs_8,
          okawaru_trees_2, uniq_ijyb
D:4:      layout_cave_pools, lemuel_crystal_altar,
          nicolae_overflow_hidden_temple,
          chequers_temple_overflow_statue_of_worship, serial_shops,
          kennysheep_mini, first_ration, moated_statue, minivault_5,
          trog_hazing_becter

Skill      XL: |  1  2  3  4 |
---------------+-------------+-----
Axes           | 2 3 |  3.2
Armour         | 3 |  3.4
Shields        | 3 |  3.6
Fighting       | |  3.2
Dodging        | |  0.3
Stealth        | |  0.1

Action                   |  1- 3 |  4- 6 || total
-------------------------+-------+-------++-------
Melee: War axe           |    96 |    91 ||   187
       Headbutt          |    11 |    14 ||    25
  Use: Potion            |     1 |     1 ||     2
  Eat: Chunk             |       |     5 ||     5
Armor: Scale mail        |    52 |    48 ||   100
Dodge: Dodged            |    39 |    23 ||    62
Block: Shield            |    61 |    46 ||   107

Table legend:
 A = Non-vault XP
 B = Vault XP
 C = Vault XP percentage of total XP
 D = Non-vault monster count
 E = Vault monster count
 F = Vault count percentage of total count
                 A         B        C        D         E       F
            +---------+---------+-------+---------+---------+-------
      Total |     168 |      40 |  19.2 |      60 |       3 |   4.8
            +---------+---------+-------+---------+---------+-------
        D:1 |      36 |       0 |   0.0 |      18 |       0 |   0.0
        D:2 |      76 |       0 |   0.0 |      24 |       0 |   0.0
        D:3 |      56 |      40 |  41.7 |      18 |       3 |  14.3
            +---------+---------+-------+---------+---------+-------
